 Dungeon Crawl Stone Soup version 0.29-a0-8-g0446c0dae4 (webtiles) character file.

Game seed: 14836959934826727513

185 croobank the Firebug (level 5, -5/35 HPs)
             Began as a Human Fire Elementalist on Jan 27, 2022.
             Killed from afar by an orc wizard (11 damage)
             ... with a puff of flame
             ... on level 2 of the Dungeon.
             The game lasted 00:11:47 (3760 turns).

croobank the Firebug (Human Fire Elementalist)      Turns: 3760, Time: 00:11:49

Health: -5/35      AC:  2    Str:  7 (8)  XL:     5   Next: 96%
Magic:  7/9        EV: 12    Int: 15 (18) God:
Gold:   101        SH:  0    Dex: 11 (13) Spells: 2/9 levels left

rFire   . . .      SeeInvis .   e - +2 dagger (speed)
rCold   . . .      Faith    .   (no shield)
rNeg    . . .      Spirit   .   f - +0 robe
rPois   .          Reflect  .   (no helmet)
rElec   .          Harm     .   (no cloak)
rCorr   .          Rampage  .   (no gloves)
Will    .....                   (no boots)
Stlth   ++........              k - amulet of regeneration
HPRegen 0.91/turn               (no ring)
MPRegen 0.11/turn               (no ring)

@: no status effects
A: no striking features
a: no special abilities


You were on level 2 of the Dungeon.
You visited 1 branch of the dungeon, and saw 3 of its levels.

You collected 101 gold pieces.

Inventory:

Hand Weapons
 a - a +1 hand axe
 b - a +0 hunting sling
 d - a +0 whip
 e - a +2 dagger of speed (weapon)
 m - a +0 flail
Missiles
 j - 6 poisoned darts
 l - 13 bolts
 s - 58 stones
Armour
 f - a +0 robe (worn)
 i - a +0 leather armour
Jewellery
 k - an amulet of regeneration (around neck)
 q - a ring of see invisible
Scrolls
 v - a scroll of fog {unknown}
Potions
 c - a potion of ambrosia
 p - a potion of heal wounds {unknown}
 t - a potion of cancellation {unknown}


   Skills:
 + Level 3.0 Dodging
 + Level 3.2 Stealth
 + Level 2.8 Spellcasting
 + Level 2.5 Conjurations
 + Level 3.7 Fire Magic


You had 2 spell levels left.
You knew the following spells:

 Your Spells              Type           Power      Damage    Failure   Level
a - Foxfire               Conj/Fire      44%        2x1d6     5%          1
b - Scorch                Fire           26%        2d6       6%          2
c - Flame Wave            Conj/Fire      11%        2d5       50%         4

Your spell library contained the following spells:

 Spells                   Type           Power      Damage    Failure   Level
 Conjure Flame            Conj/Fire      11%        6-21      17%         3
 Inner Flame              Hex/Fire       7%         N/A       28%         3
 Stone Arrow              Conj/Erth      10%        3d7       36%         3
 Animate Armour           Summ/Erth      4%         N/A       90%         4
 Blade Hands              Tmut           1%         N/A       99%         5
 Iron Shot                Conj/Erth      2%         9d2       100%        6
 Lehudib's Crystal Spear  Conj/Erth      2%         10d2      100%        8


Dungeon Overview and Level Annotations

Branches:
Dungeon (3/15)

Altars:

Annotations:
D:3 Robin


Message History

The orc wizard gestures at you while chanting.
You are more confused.
It was a potion of curing.
You feel better.
Robin hits you from afar with a +0 spear.
The goblin closely misses you. The orc wizard closely misses you.
The orc wizard points at you and mumbles some strange words.
You resist with some effort.
Robin hits you from afar with a +0 spear.
The goblin hits you with a +0 dagger.
The orc wizard hits you but does no damage.
You climb upwards.
There is a stone staircase leading down here.
Casting: Scorch (safe; 5% risk of failure)
Confirm with . or Enter, or press ? or * to list all spells.
You conjure some foxfire!
The orc wizard closely misses you. The goblin hits you with a +0 dagger.
The orc wizard hits you with a +0 dagger.
You hit the orc wizard.
The orc wizard is moderately wounded.
The foxfire hits the orc wizard.
The orc wizard is severely wounded.
The foxfire hits the goblin.
The goblin is heavily wounded.
The orc wizard hits you with a +0 dagger.
The goblin hits you with a +0 dagger. The orc wizard casts a spell at you.
The puff of flame hits you!
* * * LOW HITPOINT WARNING * * *
The orc wizard mumbles some strange words.
The orc wizard flickers and vanishes!
Deactivating autopickup; reactivate with Ctrl-A.
Things that are here:
19 stones; a +0 dagger; a goblin corpse It was a potion of degeneration.
There was something very wrong with that liquid.
You feel weakened.
You feel dopey.
You feel clumsy.
You hear some strange, mumbled words.
A puff of flame appears from out of thin air!
The puff of flame hits you!
You die...

#.###.#######
##########.....#
.............###
#########....# #....#
#####....#############
#####........[...........#
....#........###########.#
....#.......#...@g)..#.#.#
....'...........{o)....#.#
....##.###..#...####.#.#.#
######.# #<.#........#.#.#
#.# #..#...######.#.# #.#
#..#<.......#.#.#
######.###......###.##.#.#
.......................#.#
######.####.###.###.####.#


You could see an orc wizard and a goblin.

Vanquished Creatures
  3 orc wizards (D:2)
  A howler monkey zombie (D:3)
  2 adders
  3 dart slugs
  6 orcs
  5 endoplasms
  11 goblins
  7 hobgoblins
  3 jackals
  4 kobolds
  A quokka (D:2)
  8 ball pythons
  6 bats
  2 frilled lizards (D:1)
  5 rats
67 creatures vanquished.

Vanquished Creatures (others)
  99 foxfires
99 creatures vanquished.

Grand Total: 166 creatures vanquished

Notes
Turn   | Place    | Note
-------+----------+-------------------------------------------
     0 | D:1      | croobank the Human Fire Elementalist began the quest for
                  | the Orb.
     0 | D:1      | Reached XP level 1. HP: 13/13 MP: 3/3
   268 | D:1      | Reached XP level 2. HP: 17/19 MP: 1/5
   272 | D:1      | Learned a level 2 spell: Scorch
   500 | D:1      | Found a faded altar of an unknown god.
   628 | D:1      | Reached XP level 3. HP: 6/24 MP: 0/6
  2396 | D:2      | Reached XP level 4. HP: 30/30 MP: 2/7
  2446 | D:2      | Learned a level 4 spell: Flame Wave
  3257 | D:3      | Reached XP level 5. HP: 31/35 MP: 1/8
  3530 | D:3      | Noticed Robin
  3760 | D:2      | Killed from afar by an orc wizard

Illustrated notes

Levels and vault maps discovered:
D:1:      dpeg_arrival_rhombi, layout_basic, basic_ecumenical_altar
D:2:      minmay_alternating_diamond, layout_basic, minmay_indecisive_spiral
D:3:      layout_rooms, led_xom_imps, uniq_robin

Skill      XL: |  1  2  3  4  5 |
---------------+----------------+-----
Conjurations   | 2 |  2.5
Stealth        | 3 |  3.2
Dodging        | 3 |  3.0
Spellcasting   | |  2.8
Fire Magic     | |  3.7

Action                   |  1- 3 |  4- 6 || total
-------------------------+-------+-------++-------
Melee: Hand axe          |    11 |    14 ||    25
       Dagger            |       |    23 ||    23
 Cast: Foxfire           |    39 |    24 ||    63
       Scorch            |    12 |    21 ||    33
  Use: Scroll            |       |     5 ||     5
       Potion            |       |     2 ||     2
Armor: Robe              |     5 |    17 ||    22
Dodge: Dodged            |    28 |    52 ||    80

Table legend: (Time is in decaauts)
 A = Elapsed time spent in this place.
 B = Non-inter-level travel time spent in this place.
 C = Inter-level travel time spent in this place.
 D = Time resting spent in this place.
 E = Time spent auto-exploring this place.
 F = Levels seen in this place.
 G = Mean time per level.
                   A        B        C        D        E       F      G
               +--------+--------+--------+--------+--------+-----+--------+
         Total |   3764 |   3626 |    138 |    540 |   2520 |   3 | 1254.7 |
       Dungeon |   3764 |   3626 |    138 |    540 |   2520 |   3 | 1254.7 |
               +--------+--------+--------+--------+--------+-----+--------+

Top non-repeatable levels by time:
     D:1: 1824 daAuts
     D:2: 1805 daAuts
     D:3: 134 daAuts
